 Dungeon Crawl Stone Soup version 0.26-a0-639-g72c4674329 (webtiles) character file.

Game seed: 12300766854762172789

413 ANON1729 the Covered (level 6, -1/40 HPs)
             Began as a Gargoyle Fighter on Sept 15, 2020.
             Slain by an ogre
             ... wielding a +0 giant club
              (14 damage)
             ... on level 5 of the Dungeon.
             The game lasted 00:02:24 (2232 turns).

ANON1729 the Covered (Gargoyle Fighter)             Turns: 2232, Time: 00:02:24

Health: -1/40      AC: 11    Str: 21    XL:     6   Next: 90%
Magic:  6/6        EV:  9    Int:  9    God:
Gold:   194        SH:  4    Dex:  9    Spells: 5/5 levels left

rFire    . . .     SeeInvis .   a - +0 long sword
rCold    . . .     Faith    .   r - +0 buckler
rNeg     + + .     Spirit   .   b - +0 scale mail
rPois    ∞         Reflect  .   (no helmet)
rElec    +         Harm     .   (no cloak)
rCorr    .         Rampage  .   (no gloves)
MR       .....                  (no boots)
Stlth    ..........             g - amulet of regeneration
HPRegen  0.53/turn              m - ring of positive energy
MPRegen  0.10/turn              n - ring of attention (curse)

@: mighty
A: negative energy resistance 1, electricity resistance, unbreathing,
petrification resistance, rot immunity, AC +4
a: no special abilities


You were on level 5 of the Dungeon.
You visited 1 branch of the dungeon, and saw 5 of its levels.

You collected 194 gold pieces.

Inventory:

Hand Weapons
 a - a +0 long sword (weapon)
Armour
 b - a +0 scale mail (worn)
 c - a +0 kite shield
 r - a +0 buckler (worn)
Jewellery
 g - an amulet of regeneration (around neck)
 m - a ring of positive energy (left hand)
 n - a cursed ring of attention (right hand)
Scrolls
 e - 3 scrolls of random uselessness {unknown}
 h - 3 scrolls of teleportation {unknown}
 l - a scroll of magic mapping {unknown}
 t - a scroll of identify {unknown}
 u - 2 scrolls of remove curse {unknown}
Potions
 f - a potion of degeneration {unknown}
 i - a potion of magic {unknown}
 j - 2 potions of curing {unknown}
 k - 2 potions of stabbing {unknown}
 o - a potion of lignification {unknown}
 p - a potion of ambrosia {unknown}
 q - a potion of heal wounds {unknown}
 s - a potion of berserk rage {unknown}


   Skills:
 + Level 5.0 Fighting
 + Level 3.4 Long Blades
 + Level 5.0 Armour
 + Level 4.9 Shields


You had 5 spell levels left.
You didn't know any spells.
Your spell library contained the following spells:

 Spells                   Type           Power        Failure   Level
 Corona                   Hex            #......      71%         1
 Ensorcelled Hibernation  Hex/Ice        #.....       85%         2
 Confusing Touch          Hex            #.......     97%         3
 Dazzling Flash           Conj/Hex       #.....       97%         3
 Tukima's Dance           Hex            #.......     97%         3


Dungeon Overview and Level Annotations

Branches:
Dungeon (4/15)
 Temple: D:4-7

Altars:


Innate Abilities, Weirdness & Mutations

You are resistant to torment.
Your stone body is resilient. (AC +4)
You are immune to poison.
You resist negative energy. (rN+)
You are resistant to electric shocks. (rElec)
You can survive without breathing.
You are immune to petrification.
You are immune to rotting.


Message History

You feel very mighty all of a sudden.
Your scale mail prevents you from hitting the ogre.
The ogre hits you with a +0 giant club.
You slash the ogre!
The ogre is severely wounded.
The ogre hits you with a +0 giant club! The adder barely misses you.
You are too injured to fight recklessly!
You are too injured to fight recklessly!
You are too injured to fight recklessly!
You are too injured to fight recklessly!
You are too injured to fight recklessly!
You are too injured to fight recklessly!
You are too injured to fight recklessly!
You are too injured to fight recklessly!
You are too injured to fight recklessly!
You are too injured to fight recklessly!
You barely miss the ogre.
The ogre is severely wounded.
The adder bites you. The ogre hits you with a +0 giant club!
You die...

#.. #...
#....
#.....
#......
##......#
##Oa....#
#.@S...#
#+#......#
##.....
#... #.


You could see an ogre, a worker ant and an adder.

Vanquished Creatures
  A centaur (D:4)
  A hound (D:4)
  2 orc priests
  A centaur skeleton (D:4)
  Terence (D:2)
  2 orc wizards (D:3)
  3 adders (D:2)
  3 worms
  A dart slug (D:1)
  7 leopard geckos
  11 orcs
  A ball python (D:2)
  9 bats
  3 giant cockroaches
  6 goblins
  8 hobgoblins
  6 jackals
  6 kobolds
  A quokka (D:3)
  3 frilled lizards
  A quokka skeleton (D:4)
  11 rats
88 creatures vanquished.

Vanquished Creatures (others)
  An orc (D:3)
1 creature vanquished.

Grand Total: 89 creatures vanquished

Notes
Turn   | Place    | Note
-------+----------+-------------------------------------------
     0 | D:1      | ANON1729 the Gargoyle Fighter began the quest for the Orb.
     0 | D:1      | Reached XP level 1. HP: 14/14 MP: 1/1
   252 | D:1      | Reached XP level 2. HP: 19/19 MP: 2/2
   711 | D:1      | Reached XP level 3. HP: 22/23 MP: 3/3
  1062 | D:2      | Reached XP level 4. HP: 29/29 MP: 4/4
  1111 | D:2      | Noticed Terence
  1133 | D:2      | Killed Terence
  1508 | D:3      | Reached XP level 5. HP: 33/33 MP: 5/5
  1695 | D:3      | Reached XP level 6. HP: 26/39 MP: 6/6
  2210 | D:4      | Reached skill level 5 in Armour
  2221 | D:4      | Reached skill level 5 in Fighting
  2227 | D:4      | You fall into a shaft and drop 1 floor!
  2227 | D:5      | Entered Level 5 of the Dungeon
  2232 | D:5      | Slain by an ogre

Illustrated notes

Levels and vault maps discovered:
D:1:      dpeg_arrival_concentric_ovals, layout_basic
D:2:      layout_basic, uniq_terence
D:3:      layout_basic, serial_rivers, chequers_serial_rivers_micro_a,
          chequers_serial_rivers_room_b, chequers_serial_rivers_micro_d,
          chequers_serial_rivers_micro_b, chequers_serial_rivers_micro_d,
          kennysheep_generic_room_11
D:4:      layout_rooms, grunt_temple_overflow_open,
          grunt_temple_overflow_gold_and_silver,
          minmay_temple_entry_proselytizer, hangedman_abyss_or_decor_stabs
D:5:      minmay_razor_zed, layout_basic, minmay_statues_item, uniq_pikel

Skill      XL: |  1  2  3  4  5  6 |
---------------+-------------------+-----
Long Blades    | 2 3 |  3.4
Armour         | 4 5 |  5.0
Fighting       | 4 5 |  5.0
Shields        | 4 |  4.9

Action                   |  1- 3 |  4- 6 || total
-------------------------+-------+-------++-------
Melee: Long sword        |   135 |   196 ||   331
  Use: Potion            |       |     1 ||     1
Armor: Scale mail        |   108 |   117 ||   225
Dodge: Dodged            |    53 |    87 ||   140
Block: Kite shield       |    76 |    47 ||   123
       Buckler           |       |    22 ||    22
       Rpst.: Long sword |    18 |    39 ||    57

Table legend: (Time is in decaauts)
 A = Elapsed time spent in this place.
 B = Non-inter-level travel time spent in this place.
 C = Inter-level travel time spent in this place.
 D = Time resting spent in this place.
 E = Time spent auto-exploring this place.
 F = Levels seen in this place.
 G = Mean time per level.
                   A        B        C        D        E       F      G
               +--------+--------+--------+--------+--------+-----+--------+
         Total |   2339 |   2293 |     46 |     24 |   1633 |   5 |  467.8 |
       Dungeon |   2339 |   2293 |     46 |     24 |   1633 |   5 |  467.8 |
               +--------+--------+--------+--------+--------+-----+--------+

Top non-repeatable levels by time:
     D:1: 887 daAuts
     D:3: 709 daAuts
     D:2: 638 daAuts
     D:4: 98 daAuts
     D:5: 5 daAuts
